 Dungeon Crawl Stone Soup version 0.24.0-123-gd5b16e6ec5 (webtiles) character file.

Game seed: 4271828613889759320, levelgen mode: deterministic

69 sagitran the Shield-Bearer (level 3, -6/31 HPs)
             Began as a Demigod Fighter on Dec 22, 2019.
             Killed from afar by Grinder the hellion (26 damage)
             ... with damnation
             ... on level 3 of the Dungeon.
             The game lasted 00:06:21 (1354 turns).

sagitran the Shield-Bearer (Demigod Fighter)        Turns: 1354, Time: 00:06:22

Health: -6/31      AC:  6    Str: 21    XL:     3   Next: 75%
Magic:  5/5        EV:  5    Int: 12    God:
Gold:   124        SH: 17    Dex: 15    Spells: 2/2 levels left

rFire    . . .     SeeInvis .   a - +0 long sword
rCold    . . .     Gourm    .   i - +3 large shield
rNeg     . . .     Faith    .   b - +0 scale mail
rPois    .         Spirit   .   (no helmet)
rElec    .         Reflect  .   (no cloak)
rCorr    .         Harm     .   (no gloves)
MR       .....                  (no boots)
Stlth    ..........             (no amulet)
HPRegen  0.10/turn              (no ring)
MPRegen  0.09/turn              (no ring)

@: no status effects
A: high mp 1
a: no special abilities


You were on level 3 of the Dungeon.
You were not hungry.

You visited 1 branch of the dungeon, and saw 3 of its levels.

You collected 124 gold pieces.

Inventory:

Hand Weapons
 a - a +0 long sword (weapon)
Missiles
 g - 5 boomerangs of dispersal (quivered)
Armour
 b - a +0 scale mail (worn)
 c - a +0 shield
 i - a +3 large shield (worn)
Wands
 m - a wand of polymorph (3)
Scrolls
 d - a scroll of enchant armour
 e - 2 scrolls of teleportation {unknown}
 h - 2 scrolls of fear {unknown}
 j - a scroll of remove curse {unknown}
 k - 2 scrolls of identify {unknown}
Potions
 l - a potion of resistance {unknown}
Comestibles
 f - 5 rations


   Skills:
 + Level 3.0 Fighting
 + Level 2.2 Long Blades
 + Level 3.2 Armour
 + Level 0.1 Dodging
 + Level 3.4 Shields


You had 2 spell levels left.
You didn't know any spells.
Your spell library was empty.

Dungeon Overview and Level Annotations

Branches:
Dungeon (3/15)

Annotations:
D:3 Grinder


Innate Abilities, Weirdness & Mutations

You have an increased reservoir of magic. (+10% MP)


Message History

Grinder hits you.
You writhe in agony.
Evoke which item? (* to show all) (? for menu, Esc to quit)
Aiming: Polymorph
Press: ? - help, Shift-Dir - straight line, f - Grinder
Aim: Grinder (black smoke, chance to defeat MR: 46%) Grinder evaporates and reforms as a hellion!
You block Grinder's attack.
Evoke which item? (* to show all) (? for menu, Esc to quit)
Aiming: Polymorph
Press: ? - help, Shift-Dir - straight line, f/p - Grinder
Aim: Grinder the hellion (chance to defeat MR: 15%) Grinder resists with almost no effort.
Grinder hits you.
Okay, then.
As you read the scroll labeled HUNESCHIMIJ, it crumbles to dust.
It is a scroll of enchant armour.
Your +2 large shield glows green for a moment.
Grinder gestures at you.
The sphere of damnation explodes!
The damnation engulfs you!!
Ouch! That really hurt!
You die...

#.#.#.## #.#....#
#.###..# ### ##...#.##
#§≈##### #####...#
#≈##⌠#⌠## #.......#
#≈#§≈≈≈≈# ##.###...#
#≈#≈...≈## .#.# #####
##§#≈2..≈⌠# .#.#
#§§'.@_.≈# .#.#
#.≈#≈...≈⌠#
...#########.≈#≈...§##
...##....†...≈#≈≈≈§≈#
...##.####.##§##⌠#⌠##
...##.####.##≈≈#####
...##.#.......##
.####.#.##.##.# .##
#.#.##.# ..$


You could see Grinder the hellion.

Vanquished Creatures
  3 adders (D:2)
  An ooze (D:1)
  2 worms (D:2)
  A dart slug (D:2)
  An orc (D:3)
  A ball python (D:3)
  A giant cockroach (D:3)
  5 goblins
  2 hobgoblins
  5 kobolds
  A quokka (D:2)
  3 bats
  A rat (D:1)
27 creatures vanquished.

Notes
Turn   | Place    | Note
-------+----------+-------------------------------------------
     0 | D:1      | sagitran the Demigod Fighter began the quest for the Orb.
     0 | D:1      | Reached XP level 1. HP: 18/18 MP: 3/3
   240 | D:1      | Reached XP level 2. HP: 20/25 MP: 4/4
   584 | D:3      | Found a sacrificial altar of Ru.
   655 | D:2      | Reached XP level 3. HP: 25/31 MP: 5/5
  1095 | D:2      | You fall into a shaft and drop 1 floor!
  1348 | D:3      | Found a bloodstained altar of Trog.
  1348 | D:3      | Noticed Grinder
  1352 | D:3      | Noticed Grinder
  1352 | D:3      | Grinder changed into Grinder the hellion
  1354 | D:3      | Killed from afar by Grinder the hellion

Levels and vault maps discovered:
D:1:      matt_arrival_refuge, layout_loops_ring
D:2:      layout_basic, lemuel_coloured_pillars_altar
D:3:      layout_loops_cross, lightli_temple_of_fire,
          ebering_dispersal_statue_hall, minmay_misc_feat_enclosed,
          small_statue_intersection, nicolae_ru_awakened_eye, uniq_grinder,
          uniq_terence

Skill      XL: |  1  2 |
---------------+-------+-----
Long Blades    | 2 |  2.2
Fighting       | 3 |  3.0
Shields        | 3 |  3.4
Armour         | 3 |  3.2
Dodging        | |  0.1

Action                   || total
-------------------------++-------
Melee: Long sword        ||    96
Evoke: Wand              ||     2
  Use: Potion            ||     4
       Scroll            ||     1
  Eat: Ration            ||     1
Armor: Scale mail        ||    54
Dodge: Dodged            ||    21
Block: Shield            ||    20
       Large shield      ||    89
       Rpst.: Long sword ||     5
